 Dungeon Crawl Stone Soup version 0.31.0-1-g2c135a0 (webtiles) character file.

Game seed: 16258360061135153721

44 jagoly the Trooper (level 3, 0/24 HPs)
             Began as a Gargoyle Monk on Feb 1, 2024.
             Slain by a quokka (4 damage)
             ... on level 2 of the Dungeon.
             The game lasted 00:02:46 (457 turns).

jagoly the Trooper (Gargoyle Monk)                   Turns: 457, Time: 00:02:47

Health: 0/24       AC:  5    Str: 16    XL:     3   Next: 60%
Magic:  3/3        EV: 12    Int: 10    God:
Gold:   111        SH:  0    Dex: 12    Spells: 2/2 levels left

rFire   . . .        a - +0 hand axe
rCold   . . .        d - orb {light}
rNeg    + . .        b - +0 robe
rPois   ∞            (no helmet)
rElec   +            (no cloak)
rCorr   .            (no gloves)
SInv    .            (no boots)
Will    .....        (no amulet)
Stlth   +            (no ring)
HPRegen 0.24/turn    (no ring)
MPRegen 0.08/turn

%: no passive effects
@: glowing
A: sickness immunity, AC +3, negative energy resistance 1, electricity
resistance, torment resistance 1, petrification resistance
a: no special abilities


You were on level 2 of the Dungeon.
You visited 1 branch of the dungeon, and saw 3 of its levels.

You collected 111 gold pieces.

Inventory:

Hand Weapons
 a - a +0 hand axe (weapon)
Missiles
 e - 8 stones (quivered)
 g - 13 poisoned darts
Armour
 b - a +0 robe (worn)
 d - an orb of light (worn)
Scrolls
 f - a scroll of identify {unknown}
 i - a scroll of summoning {unknown}
Potions
 c - 2 potions of ambrosia
 h - a potion of degeneration {unknown}


   Skills:
 + Level 3.7 Fighting
 * Level 3.2 Axes
 + Level 1.1 Armour
 + Level 2.7 Dodging
 - Level 1.0 Stealth


You had 2 spell levels left.
You didn't know any spells.
Your spell library was empty.

Dungeon Overview and Level Annotations

Branches:
Dungeon (3/15) Zot: 17533

Altars:


Innate Abilities, Weirdness & Mutations

You are immune to sickness and miasma.
Your stone body is resilient. (AC +3)
You are immune to poison.
You resist negative energy. (rN+)
You are resistant to electric shocks. (rElec)
You are resistant to unholy torment.
You are immune to petrification.


Message History

Welcome, jagoly the Gargoyle Monk.
It's a long way down to the Orb of Zot, but that shouldn't be any trouble.
Press ? for a list of commands and other information.
Found a staircase leading out of the dungeon.
You open the door.
There is an open door here.
Found a stone staircase leading down.
A ball python comes into view.
The ball python hisses angrily.
Found 15 gold pieces.
You hit the ball python.
The ball python is heavily wounded.
The ball python bites you but does no damage.
The ball python grabs you. The ball python constricts you.
You hit the ball python.
You kill the ball python!
There is a stone staircase leading down here.
You climb downwards.
There is a stone staircase leading up here.
You climb upwards.
There is a stone staircase leading down here.
You now have 5 gold pieces.
You now have 15 gold pieces (gained 10).
Found 5 stones.
You see here 5 stones.
e - 5 stones
Found a scroll labelled LOEREUN VUEPNO.
f - a scroll labelled LOEREUN VUEPNO A hobgoblin and an endoplasm come into view.
The hobgoblin shouts!
The endoplasm quivers.
The endoplasm moves out of view.
A ball python comes into view.
Found 5 poisoned darts.
The ball python hisses angrily.
The hobgoblin hits you but does no damage.
You hit the hobgoblin.
The hobgoblin is almost dead.
The hobgoblin closely misses you. x2
You barely miss the hobgoblin.
The hobgoblin is severely wounded.
The hobgoblin hits you but does no damage.
You hit the hobgoblin but do no damage.
The hobgoblin is severely wounded.
You hit the endoplasm. The endoplasm freezes you.
You are frozen.
The hobgoblin hits you.
You hit the hobgoblin.
You kill the hobgoblin!
You hit the endoplasm.
You kill the endoplasm!
You hit the ball python.
The ball python is severely wounded.
The ball python bites you but does no damage.
The ball python closely misses you. The ball python barely misses you. x2
You hit the ball python.
You kill the ball python!
No target in view!
You see here a ball python corpse.
Found 8 gold pieces.
You see here 5 poisoned darts.
g - 5 poisoned darts A frilled lizard comes into view.
Found a mace.
The frilled lizard hisses angrily.
A hobgoblin comes into view.
Found 14 gold pieces.
The hobgoblin shouts!
Found 11 gold pieces.
Found a robe.
The frilled lizard closely misses you.
You hit the hobgoblin.
The hobgoblin is severely wounded.
You hit the frilled lizard but do no damage.
The frilled lizard closely misses you. The hobgoblin hits you.
A bat comes into view.
You barely miss the hobgoblin.
The hobgoblin is severely wounded.
You closely miss the frilled lizard. The frilled lizard closely misses you.
The hobgoblin closely misses you. The frilled lizard barely misses you.
The hobgoblin barely misses you.
You hit the hobgoblin.
You kill the hobgoblin!
You closely miss the frilled lizard. The bat closely misses you.
The frilled lizard barely misses you.
You hit the bat but do no damage.
You hit the frilled lizard but do no damage.
The bat hits you but does no damage. The frilled lizard closely misses you.
You closely miss the frilled lizard. The bat closely misses you.
The frilled lizard bites you but does no damage.
You hit the frilled lizard.
The frilled lizard is heavily wounded.
The bat closely misses you. The frilled lizard closely misses you.
You hit the frilled lizard.
You kill the frilled lizard!
You hit the bat. The bat closely misses you. The bat hits you.
You have reached level 2!
You barely miss the bat.
The bat is moderately wounded.
The bat closely misses you. The bat misses you. The bat closely misses you.
You see here 8 gold pieces.
You now have 23 gold pieces (gained 8).
The bat hits you but does no damage.
You closely miss the bat.
The bat is moderately wounded.
The bat hits you but does no damage. The bat barely misses you.
You hit the bat but do no damage.
The bat is moderately wounded.
The bat closely misses you. The bat hits you.
You hit the bat.
You kill the bat!
Found 4 gold pieces.
Found a stone staircase leading down.
You now have 37 gold pieces (gained 14).
A ball python comes into view.
Found 14 gold pieces.
The ball python hisses angrily.
You see here 4 gold pieces.
You now have 41 gold pieces (gained 4).
The ball python barely misses you. The ball python grabs you.
The ball python constricts you.
You hit the ball python.
The ball python is heavily wounded.
The ball python bites you but does no damage.
The ball python constricts you.
You hit the ball python.
You kill the ball python!
No target in view!
You now have 52 gold pieces (gained 11).
You now have 66 gold pieces (gained 14).
There is a stone staircase leading down here.
You climb downwards.
Found 15 gold pieces.
There is a stone staircase leading up here.
You now have 72 gold pieces (gained 6).
Found a stone staircase leading down.
Found an escape hatch in the ceiling.
You now have 81 gold pieces (gained 9).
There is a stone staircase leading down here.
You climb downwards.
There is a stone staircase leading up here.
You climb upwards.
There is a stone staircase leading down here.
You open the door.
A ball python comes into view.
The ball python hisses angrily.
You hit the ball python.
The ball python is severely wounded.
The ball python closely misses you. The ball python barely misses you. x2
The ball python grabs you. The ball python constricts you.
You hit the ball python.
You kill the ball python!
There is an open door, spattered with blood here.
You open the door.
Found a robe.
There is an open door here.
You open the door.
There is an open door here.
Found a rapier.
Found 3 gold pieces.
You now have 84 gold pieces (gained 3).
Found a potion of ambrosia.
You open the door.
Found a dark potion.
Found 7 gold pieces.
c - 2 potions of ambrosia (gained 1)
A quokka comes into view.
You see here a dark potion.
h - a dark potion The quokka barely misses you.
You barely miss the quokka.
The quokka bites you but does no damage.
You hit the quokka but do no damage.
The quokka bites you but does no damage.
The quokka closely misses you.
You hit the quokka.
The quokka is severely wounded.
The quokka bites you.
You hit the quokka but do no damage.
The quokka is severely wounded.
The quokka barely misses you. The quokka misses you.
You hit the quokka but do no damage.
The quokka is severely wounded.
The quokka barely misses you.
You hit the quokka.
You kill the quokka!
No target in view!
HP restored.
You now have 91 gold pieces (gained 7).
Found 4 stones.
e - 9 stones (gained 4)
You open the door.
There is an open door here.
There is an open door here.
You open the door.
There is an open door here.
You open the door.
There is an open door here.
Found 6 gold pieces.
You now have 97 gold pieces (gained 6).
Found a stone staircase leading up.
Found a stone staircase leading down.
There is a stone staircase leading up here.
You climb upwards.
There is a stone staircase leading down here.
A frilled lizard comes into view.
The frilled lizard hisses angrily.
The frilled lizard hisses.
The frilled lizard misses you.
You slash the frilled lizard!
You kill the frilled lizard!
No target in view!
A hobgoblin comes into view.
The hobgoblin shouts!
Found a scroll labelled MUIPOSAYFE.
The hobgoblin barely misses you.
You hit the hobgoblin but do no damage.
The hobgoblin hits you but does no damage.
You hit the hobgoblin.
The hobgoblin is moderately wounded.
The hobgoblin hits you but does no damage.
You hit the hobgoblin but do no damage.
The hobgoblin is moderately wounded.
The hobgoblin hits you but does no damage.
The hobgoblin hits you.
You hit the hobgoblin.
You kill the hobgoblin!
Your Axes skill increases to level 3!
No target in view!
i - a scroll labelled MUIPOSAYFE
Okay, then.
There is a stone staircase leading down here.
You climb downwards.
There is a stone staircase leading up here.
There is a stone staircase leading down here.
You climb downwards.
Found a blade talisman.
There is a stone staircase leading up here.
Jessica the Apprentice Sorceress comes into view.
She is wielding a +6 dagger of freezing.
Jessica casts a spell.
Jessica blinks!
Jessica attacks as she pursues you! Jessica barely misses you.
You hit Jessica.
Jessica is moderately wounded.
Jessica barely misses you.
You hit Jessica but do no damage.
Jessica is moderately wounded.
Jessica mumbles some strange words.
Jessica blinks!
You hit Jessica.
Jessica is almost dead.
Jessica points at you and mumbles some strange words.
Pain shoots through your body!
You hit Jessica.
You kill Jessica!
Training target 1.0 for Stealth reached!
Your Armour skill increases to level 1!
Your Stealth skill increases to level 1!
You have reached level 3!
Your experience leads to an increase in your attributes!
Increase (S)trength, (I)ntelligence, or (D)exterity?
You feel stronger. x2
Things that are here:
a +6 dagger of freezing; a +0 robe; the human corpse of Jessica
Press: ? - help, v - describe, . - travel The floor.
This square is lit by a halo.
HP restored.
Found a stone staircase leading up.
A kobold comes into view.
It is wielding a +0 dagger and quivering poisoned darts.
The kobold shouts!
The kobold throws a poisoned dart.
The poisoned dart barely misses you. The kobold hits you with a +0 dagger.
An endoplasm comes into view.
There is a stone staircase leading up here.
The endoplasm quivers.
You hit the kobold.
The kobold is moderately wounded.
The kobold misses you.
You barely miss the kobold.
The kobold is moderately wounded.
You hit the endoplasm. The kobold misses you. The endoplasm freezes you.
You are frozen.
You hit the endoplasm.
You kill the endoplasm!
You hit the kobold. The kobold hits you but does no damage.
You hit the kobold.
You kill the kobold!
No target in view!
No target in view!
Press: ? - help, v - describe, . - travel, g - get item
Items here: a +0 dagger; 8 poisoned darts; a kobold corpse.
The floor, spattered with blood.
This square is lit by a halo.
g - 13 poisoned darts (gained 8)
Things that are here:
a +0 dagger; a kobold corpse
There is a stone staircase leading up here.
You climb upwards.
Found 14 gold pieces.
There is a stone staircase leading down here.
The ribbon worm bites you but does no damage.
You hit the ribbon worm.
The ribbon worm is moderately wounded.
You hit the ribbon worm but do no damage.
The ribbon worm is moderately wounded.
The ribbon worm misses you.
You slash the ribbon worm!
The ribbon worm is heavily wounded.
The ribbon worm expels a string of sticky webbing.
The stream of webbing misses you.
You hit the ribbon worm.
The ribbon worm is severely wounded.
The ribbon worm bites you.
You hit the ribbon worm.
The ribbon worm is almost dead.
The ribbon worm bites you.
You hit the ribbon worm but do no damage.
The ribbon worm is severely wounded.
The ribbon worm barely misses you.
You hit the ribbon worm but do no damage.
The ribbon worm is severely wounded.
The ribbon worm bites you!
* * * LOW HITPOINT WARNING * * *
You are too injured to fight recklessly!
You are too injured to fight recklessly!
You are too injured to fight recklessly!
You hit the ribbon worm.
The ribbon worm is severely wounded.
The ribbon worm bites you.
* * * LOW HITPOINT WARNING * * *
You completely miss the ribbon worm.
The ribbon worm is severely wounded.
The ribbon worm bites you.
* * * LOW HITPOINT WARNING * * *
You hit the ribbon worm.
The ribbon worm is almost dead.
The ribbon worm expels a string of sticky webbing.
The stream of webbing misses you.
You slash the ribbon worm!
You kill the ribbon worm!
Found 7 gold pieces and a scroll labelled LOEREUN VUEPNO.
A quokka comes into view.
You see here 14 gold pieces.
You now have 111 gold pieces (gained 14).
Throw: 9 stones
Press: ? - help, Q - select action, (/) - cycle Shift-Dir - straight line, f - quokka
Aim: a quokka (haloed, 62% to hit)
You throw a stone.
The stone hits the quokka but does no damage.
Cleave: a) +0 hand axe
Press: ? - help, Dir - move target, f/p - quokka
Aim: a quokka (haloed, about 32% to evade your +0 hand axe)
You closely miss the quokka.
The quokka bites you but does no damage.
Cleave: a) +0 hand axe
Press: ? - help, Dir - move target, f/p - quokka
Aim: a quokka (haloed, about 32% to evade your +0 hand axe)
You hit the quokka but do no damage. The quokka barely misses you. x2
Cleave: a) +0 hand axe
Press: ? - help, Dir - move target, f/p - quokka
Aim: a quokka (haloed, about 32% to evade your +0 hand axe)
You closely miss the quokka. The quokka bites you.
* * * LOW HITPOINT WARNING * * *
Cleave: a) +0 hand axe
Press: ? - help, Dir - move target, f/p - quokka
Aim: a quokka (haloed, about 32% to evade your +0 hand axe)
You hit the quokka but do no damage. The quokka bites you.
* * * LOW HITPOINT WARNING * * *
The quokka bites you.
* * * LOW HITPOINT WARNING * * *
Cleave: a) +0 hand axe
Press: ? - help, Dir - move target, f/p - quokka
Aim: a quokka (haloed, about 32% to evade your +0 hand axe)
You hit the quokka but do no damage. The quokka closely misses you.
A bat comes into view.
Cleave: a) +0 hand axe
Press: ? - help, Dir - move target, f/p - quokka
Aim: a quokka (haloed, about 32% to evade your +0 hand axe)
You completely miss the quokka. The quokka completely misses you.
Cleave: a) +0 hand axe
Press: ? - help, Dir - move target, f/p - quokka
Aim: a quokka (haloed, about 32% to evade your +0 hand axe)
You hit the quokka.
The quokka is almost dead.
The quokka bites you.
You die...

#.# ..#.# ## ....
... ###.#.####.##
..........?
####.#..#.#.##
##.............
.........#r#.# ##
##.##.##.#@#.#...
..............##
...#.##.#.#......
.......b.†........
......##..##......
..... #..########
$.. #>........ #.
##.####### # ....


You could see a quokka and a bat.

Vanquished Creatures
  Jessica (D:3)
  A ribbon worm (D:2)
  4 ball pythons
  2 endoplasms
  3 hobgoblins (D:1)
  A quokka (D:2)
  A bat (D:1)
  2 frilled lizards (D:1)
  A kobold (D:3)
16 creatures vanquished.

Notes
Turn   | Place    | Note
-------+----------+-------------------------------------------
     0 | D:1      | jagoly the Gargoyle Monk began the quest for the Orb.
     0 | D:1      | Reached XP level 1. HP: 14/14 MP: 1/1
    94 | D:1      | Reached XP level 2. HP: 15/19 MP: 2/2
   390 | D:3      | Noticed Jessica
   398 | D:3      | Killed Jessica
   399 | D:3      | Reached skill level 1 in Armour
   399 | D:3      | Reached skill level 1 in Stealth
   399 | D:3      | Reached XP level 3. HP: 22/23 MP: 3/3
   457 | D:2      | Slain by a quokka

Illustrated notes

Levels and vault maps discovered:
D:1:      amcnicky_arrival_feature_with_door, layout_rooms
D:2:      layout_basic
D:3:      layout_loops_corners, marbit_many_paths, gammafunk_ghost_grave,
          chequers_ecumenical_altar_island, minmay_misc_feat_nine_boxes,
          uniq_jessica

Skill      XL: |  1  2 |
---------------+-------+-----
Axes           | 3 |  3.2
Armour         | 1 |  1.1
Stealth        | 1 |  1.0
Fighting       | |  3.7
Dodging        | |  2.7

Action                     || total
---------------------------++-------
  Melee: Hand axe          ||    60
  Throw: Stone             ||     1
 Armour: Robe              ||    33
  Dodge: Dodged            ||    47
